 Dungeon Crawl Stone Soup version 0.31-a0-889-g1a8549509d (webtiles) character file.

Game seed: 11370924429785975756

6934 tilp the Slicer (level 10, 0/79 HPs)
             Began as a Vampire Enchanter on Oct 16, 2023.
             Was a Priest of Wu Jian.
             Slain by an orc warrior
             ... wielding a +0 halberd
              (9 damage)
             ... on level 8 of the Dungeon.
             The game lasted 00:15:48 (8519 turns).

tilp the Slicer (Vampire Enchanter)                 Turns: 8519, Time: 00:15:49

Health: 0/79       AC:  9    Str:  7    XL:     10   Next: 80%
Magic:  1/18       EV: 13    Int: 22    God:    Wu Jian [***...]
Gold:   490        SH:  0    Dex: 15    Spells: 9/20 levels left

rFire   + . .        a - +5 dagger (elec)
rCold   . . .        (no shield)
rNeg    . . .        A - +3 leather armour {rF+}
rPois   .            h - +2 helmet
rElec   .            (no cloak)
rCorr   .            (no gloves)
SInv    +            (no boots)
Will    +....        (no amulet)
Stlth   ++++         r - ring of flight
HPRegen 0.53/turn    (no ring)
MPRegen 0.16/turn

%: no passive effects
@: flying, healing quickly
A: alive, fangs 3, see invisible, vampiric 2
a: Exsanguinate, Renounce Religion, Wall Jump, Serpent's Lash


You were on level 8 of the Dungeon.
You worshipped Wu Jian.
Wu Jian was most pleased with you.
You visited 2 branches of the dungeon, and saw 9 of its levels.
You also visited: Bailey.

You collected 490 gold pieces.

Inventory:

Hand Weapons
 a - a +5 dagger of electrocution (weapon)
 b - a +2 short sword of draining
 P - a +1 dagger of venom
Missiles
 f - 5 curare-tipped darts
 g - a throwing net
 B - 13 boomerangs
 E - 10 poisoned darts (quivered)
Armour
 h - a +2 helmet (worn)
 s - a +1 robe of resistance
 x - a +1 scale mail of poison resistance
 A - a +3 leather armour of fire resistance (worn)
 D - +0 steam dragon scales
Magical Staves
 k - a staff of cold
 w - a staff of air
Jewellery
 j - a ring of ice
 m - an amulet of faith
 q - a ring of ice
 r - a ring of flight (left hand)
 O - an amulet of guardian spirit
Wands
 v - a wand of flame (10)
 y - a wand of polymorph (7)
 N - a wand of paralysis (15)
Scrolls
 l - a scroll of teleportation
 n - 2 scrolls of poison
 t - 3 scrolls of fog
 G - a scroll of revelation
 H - a scroll of brand weapon
 I - a scroll of enchant armour
Potions
 c - a potion of invisibility
 d - 4 potions of brilliance
 e - a potion of enlightenment
 i - 4 potions of haste
 o - 2 potions of heal wounds {unknown}
 p - a potion of cancellation {unknown}
 u - 2 potions of degeneration {unknown}
 z - a potion of berserk rage {unknown}
 C - 4 potions of curing {unknown}
 F - a potion of lignification {unknown}
 J - a potion of experience
 L - a potion of ambrosia {unknown}
 M - a potion of attraction {unknown}
Miscellaneous
 K - a phial of floods


   Skills:
 * Level 7.0 Fighting
 - Level 10.0 Short Blades
 + Level 5.1 Dodging
 + Level 9.1 Stealth
 + Level 5.6 Spellcasting
 - Level 2.0 Conjurations
 * Level 9.7 Hexes
 - Level 2.0 Ice Magic
 + Level 2.1 Evocations


You had 9 spell levels left.
You knew the following spells:

 Your Spells              Type           Power      Damage    Failure   Level
a - Ensorcelled Hibernat  Hex/Ice        64%        N/A       1%          2
b - Confusing Touch       Hex            49%        N/A       1%          3
c - Tukima's Dance        Hex            49%        N/A       1%          3
d - Dazzling Flash        Conj/Hex       64%        N/A       3%          3

Your spell library contained the following spells:

 Spells                   Type           Power      Damage    Failure   Level
 Kiss of Death            Conj/Necr      40%        2d8       10%         1
 Apportation              Tloc           12%        N/A       14%         1
 Necrotise                Necr           24%        1d5       14%         1
 Sting                    Tmut/Pois      24%        1d4       14%         1
 Summon Small Mammal      Summ           24%        N/A       14%         1
 Blink                    Tloc           12%        N/A       22%         2
 Poisonous Vapours        Pois/Air       12%        N/A       22%         2
 Vampiric Draining        Necr           6%         2d6       41%         3
 Flame Wave               Conj/Fire      10%        2d6       67%         4
 Dispel Undead            Necr           6%         3d8       82%         4
 Manifold Assault         Tloc           6%         N/A       82%         4
 Olgreb's Toxic Radiance  Pois           6%         N/A       82%         4
 Agony                    Necr           6%         N/A       99%         5


Dungeon Overview and Level Annotations

Branches:
Dungeon (8/15)             Temple (1/1) D:6          Bailey (visited)
   Lair: D:8-11

Altars:
Ashenzari
Cheibriados
Dithmenos
Fedhas
Gozag
Hepliaklqana
Kikubaaqudgha
Makhleb
Okawaru
Qazlal
Ru
Sif Muna
Uskayaw
Vehumet
Wu Jian
Xom
Yredelemnul

Shops:
D:2 (   D:7 *


Innate Abilities, Weirdness & Mutations

Your natural rate of healing is accelerated.
You have razor-sharp teeth.
You have supernaturally acute eyesight. (SInv)
You are afflicted with vampirism and can become a bat while bloodless.


Message History

You barely miss the manticore.
The manticore is severely wounded.
The manticore misses you.
The manticore claws you but does no damage.
The manticore claws you.
* * * LOW HITPOINT WARNING * * *
Unknown command.
Casting: Dazzling Flash (dangerous; 4% risk of failure)
Confirm with . or Enter, or press ? or * to list all spells.
Aiming: Ensorcelled Hibernation (safe; 1% risk of failure)
Press: ? - help, Shift-Dir - straight line, f - manticore
Aim: a manticore (severely wounded, chance to affect: 43%)
The manticore looks drowsy...
You carefully extract the barbed spikes from your body.
The orc barely misses you.
The orc warrior hits you from afar with a +0 halberd.
* * * LOW HITPOINT WARNING * * *
The helpless manticore fails to defend itself.
You spit the manticore like a pig!!!!
You kill the manticore!
The Council accepts your kill. The orc closely misses you.
The orc warrior barely misses you.
Your Fighting skill increases to level 7!
Your Stealth skill increases to level 9!
You barely miss the orc. Your bite misses the orc.
You catch the helpless orc completely off-guard!
You skewer the orc like a kebab!!! Lightning courses through the orc!
You kill the orc!
The Council accepts your kill.
The orc warrior hits you from afar with a +0 halberd!
* * * LOW HITPOINT WARNING * * *
Items here: $ ( )) [ †.
You hit the orc warrior.
You bite the orc warrior, but do no damage.
The orc warrior is severely wounded.
You hit the orc warrior but do no damage.
Your bite misses the orc warrior.
The orc warrior is severely wounded.
The orc warrior hits you with a +0 halberd!
You die...

.⌠.. #...........#.# . .⌠.
###....##...##.# . .⌠.
##.##...##..##..## # . ..
##...##.....##....# #
..###.###.....###.###...#
..(.......#...........#.#
......)....#......#...#.# #
.......<...o.........##†#####
##..........@.........#.##...
#..........)...........#....
#...........................
#................##.#.......
####..#####.................
#.. #.$.......##..#... #.#
#######......##...
#.....###### #.....#


You could see an orc warrior (blind).

Vanquished Creatures
  A centaur warrior (D:8)
  A two-headed ogre (D:8)
  A cyclops (D:8)
  A manticore (shapeshifter) (D:8)
  A gargoyle (D:8)
  Sigmund (D:4)
  4 yaks (D:8)
  2 steam dragons (D:6)
  Edmund (D:5)
  2 water moccasins
  11 orc warriors
  A sky beast (D:7)
  4 ogres
  A centaur (D:7)
  5 bullfrogs
  Blork the orc (D:4)
  A kobold brigand (D:7)
  3 scorpions
  4 killer bees (D:8)
  A howler monkey (D:7)
  5 hounds
  4 jellies
  3 orc priests
  2 gnoll boudas
  2 iguanas (D:5)
  4 orc wizards
  17 gnolls
  13 adders
  A shadow imp (D:8)
  3 white imps
  An ufetubus (D:7)
  5 worms
  3 dart slugs
  40 orcs
  9 ball pythons
  3 endoplasms
  3 giant cockroaches
  27 goblins
  14 hobgoblins
  9 jackals
  14 kobolds
  3 quokkas
  4 bats
  2 frilled lizards (D:3)
  7 rats
  A spectral orc (D:4)
246 creatures vanquished.

Vanquished Creatures (others)
  A dancing weapon (D:8)
  A gnoll (D:6)
  An orc (D:6)
3 creatures vanquished.

Grand Total: 249 creatures vanquished

Notes
Turn   | Place    | Note
-------+----------+-------------------------------------------
     0 | D:1      | tilp the Vampire Enchanter began the quest for the Orb.
     0 | D:1      | Reached XP level 1. HP: 13/13 MP: 3/3
   100 | D:1      | Reached XP level 2. HP: 20/20 MP: 5/5
   103 | D:1      | Learned a level 2 spell: Ensorcelled Hibernation
   359 | D:1      | Reached skill level 1 in Fighting
   403 | D:1      | Gained mutation: You are afflicted with vampirism and can
                  | become a bat while bloodless. [Vampire growth]
   403 | D:1      | Reached XP level 3. HP: 24/26 MP: 6/6
   510 | D:1      | Learned a level 3 spell: Confusing Touch
   706 | D:2      | Found Wibioxt's Antique Weapon Boutique.
   776 | D:2      | Reached skill level 2 in Short Blades
   923 | D:2      | Reached XP level 4. HP: 31/32 MP: 7/7
   935 | D:2      | Learned a level 3 spell: Tukima's Dance
  1903 | D:3      | Reached skill level 5 in Stealth
  2110 | D:3      | You fall into a shaft and drop 3 floors!
  2126 | D:5      | Entered Level 5 of the Dungeon
  2190 | D:5      | Reached skill level 5 in Hexes
  2190 | D:5      | Reached XP level 5. HP: 38/38 MP: 3/9
  2649 | D:4      | Noticed Blork the orc
  2662 | D:4      | Killed Blork the orc
  2663 | D:4      | Reached skill level 3 in Short Blades
  2663 | D:4      | Reached XP level 6. HP: 32/44 MP: 4/10
  2986 | D:3      | Learned a level 3 spell: Dazzling Flash
  3031 | D:3      | Identified the +1 trident "Worm" {flame, *Slow rN++ Str+3}
  3721 | D:4      | Found a basalt altar of Yredelemnul.
  3939 | D:4      | Noticed Sigmund
  3943 | D:4      | Killed Sigmund
  3944 | D:4      | Reached skill level 4 in Short Blades
  3944 | D:4      | Reached XP level 7. HP: 52/52 MP: 12/12
  4194 | D:5      | Noticed Edmund
  4214 | D:5      | Killed Edmund
  4464 | D:5      | Identified the +2 robe "Ponohad" {Dex+2}
  4634 | D:5      | Reached XP level 8. HP: 60/60 MP: 7/14
  4912 | D:5      | Reached skill level 5 in Short Blades
  5064 | D:6      | Found a staircase to the Ecumenical Temple.
  5089 | Temple   | Entered the Ecumenical Temple
  5099 | Temple   | Became a worshipper of the Wu Jian Council
  5529 | D:6      | Reached skill level 5 in Spellcasting
  5679 | D:6      | Reached skill level 6 in Short Blades
  6078 | Bailey   | Identified the "Zafoxos"
  6128 | D:7      | Found a sacrificial altar of Ru.
  6128 | D:7      | Found a burning altar of Makhleb.
  6128 | D:7      | Found a blossoming altar of Fedhas.
  6129 | D:7      | Found a stormy altar of Qazlal.
  6133 | D:7      | Reached skill level 5 in Fighting
  6161 | D:7      | Found Cyutuip's Elemental Accessories.
  6218 | D:7      | Found a flagged portal.
  6233 | D:7      | Reached * piety under Wu Jian
  6251 | D:7      | Reached XP level 9. HP: 68/68 MP: 5/16
  6324 | Bailey   | Entered a bailey
  6583 | Bailey   | Reached ** piety under Wu Jian
  6628 | Bailey   | Reached skill level 7 in Short Blades
  6779 | Bailey   | Noticed an orc warlord
  6890 | Bailey   | Reached skill level 8 in Short Blades
  7285 | D:7      | Reached skill level 9 in Short Blades
  7317 | D:7      | Reached skill level 10 in Short Blades
  7663 | D:7      | Reached *** piety under Wu Jian
  7681 | D:7      | Found an ancient bone altar of Kikubaaqudgha.
  7913 | D:8      | Identified the "Atysmot"
  7913 | D:8      | Noticed a two-headed ogre
  8063 | D:8      | Reached XP level 10. HP: 76/76 MP: 14/17
  8176 | D:8      | Found a hazy altar of Hepliaklqana.
  8194 | D:8      | Killed a two-headed ogre
  8195 | D:8      | Reached skill level 1 in Conjurations
  8195 | D:8      | Reached skill level 1 in Ice Magic
  8261 | D:8      | Reached skill level 1 in Evocations
  8329 | D:8      | Noticed a cyclops
  8329 | D:8      | Noticed a two-headed ogre
  8330 | D:8      | Noticed a gargoyle
  8330 | D:8      | Noticed a centaur warrior
  8330 | D:8      | Noticed a centaur warrior
  8342 | D:8      | Killed a centaur warrior
  8356 | D:8      | Killed a cyclops
  8491 | D:8      | Killed a gargoyle
  8492 | D:8      | Reached skill level 5 in Dodging
  8492 | D:8      | Noticed a manticore
  8514 | D:8      | Killed a manticore
  8519 | D:8      | Slain by an orc warrior

Illustrated notes

Levels and vault maps discovered:
D:1:      dpeg_arrival_fog, layout_basic
D:2:      layout_basic, serial_shops, nicolae_shop_trees, minmay_vboxes
D:3:      layout_loops_ring
D:4:      layout_rooms, yredelemnul_forgotten_temple_becter, hex_large,
          uniq_sigmund, uniq_blork_the_orc
D:5:      layout_gridville, uniq_edmund
D:6:      layout_loops_ring, minmay_temple_entry_junction,
          nicolae_zig_zag_zippers
D:7:      layout_basic, kiku_gazebo_pond_becter, grunt_temple_overflow_open,
          enter_bailey_5, chequers_serial_rivers_room_b, nicolae_elemental_shop,
          minmay_joined_circles
D:8:      minmay_the_grid_octo_2x2 [minmay_the_grid_octo_fat_diamond,
          minmay_the_grid_octo_tetromino_candy, minmay_the_grid_octo_shrine,
          minmay_the_grid_octo_prize_square_snowflake], layout_rooms,
          mainiacjoe_overflow_alcove_1, david_lair_shrubbed,
          roderic_serpentine_path
Temple:   chequers_temple_sunken

Skill      XL: |  1  2  3  4  5  6  7  8  9 10 |
---------------+-------------------------------+-----
Fighting       | 1 2 3 5 6 7 |  7.0
Short Blades   | 2 3 4 6 10 | 10.0
Stealth        | 5 6 7 8 9 |  9.1
Hexes          | 5 6 7 8 9 |  9.7
Spellcasting   | 3 4 5 |  5.6
Dodging        | 3 4 5 |  5.1
Conjurations   | 2 |  2.0
Ice Magic      | 2 |  2.0
Evocations     | 2 |  2.1

Action                     |  1- 3 |  4- 6 |  7- 9 | 10-12 || total
---------------------------+-------+-------+-------+-------++-------
  Melee: Dagger            |   147 |   166 |   272 |    72 ||   657
         Bite              |    14 |    15 |    25 |     5 ||    59
         Punch             |     3 |       |     4 |       ||     7
  Throw: Dart              |       |       |     1 |       ||     1
   Cast: Ensorcelled Hiber |     4 |    40 |    86 |    17 ||   147
         Confusing Touch   |       |     2 |     5 |     2 ||     9
         Dazzling Flash    |       |     1 |     3 |     2 ||     6
         Tukima's Dance    |       |       |     6 |     2 ||     8
Ability: Lunge             |       |       |    33 |     4 ||    37
         Whirlwind         |       |       |    15 |    11 ||    26
    Use: Scroll            |     3 |     7 |    11 |     2 ||    23
         Potion            |       |       |     1 |       ||     1
   Stab: Sleeping          |     8 |    35 |    72 |    11 ||   126
         Confused          |       |     1 |     5 |     3 ||     9
         Invisible         |       |       |     8 |     2 ||    10
 Armour: Robe              |    77 |    75 |    12 |       ||   164
         Leather armour    |       |       |   136 |    31 ||   167
  Dodge: Dodged            |    73 |   103 |   145 |    49 ||   370

Table legend: (Time is in decaauts)
 A = Elapsed time spent in this place.
 B = Non-inter-level travel time spent in this place.
 C = Inter-level travel time spent in this place.
 D = Time resting spent in this place.
 E = Time spent auto-exploring this place.
 F = Levels seen in this place.
 G = Mean time per level.
                   A        B        C        D        E       F      G
               +--------+--------+--------+--------+--------+-----+--------+
         Total |   8392 |   8147 |    245 |   1267 |   4821 |  10 |  839.2 |
       Dungeon |   7688 |   7462 |    226 |    997 |   4821 |   8 |  961.0 |
        Temple |     21 |      2 |     19 |      0 |      0 |   1 |   21.0 |
        Bailey |    681 |    681 |      0 |    270 |      0 |   1 |  681.0 |
               +--------+--------+--------+--------+--------+-----+--------+

Top non-repeatable levels by time:
     D:5: 1322 daAuts
     D:7: 1155 daAuts
     D:2: 1123 daAuts
     D:6: 1076 daAuts
     D:3: 976 daAuts
     D:4: 815 daAuts
  Bailey: 681 daAuts
     D:1: 677 daAuts
     D:8: 542 daAuts
  Temple: 21 daAuts
